 Dungeon Crawl Stone Soup version 0.21.1-1-g345015f (webtiles) character file.

322 Fang the Chopper (level 6, -2/58 HPs)
             Began as a Gargoyle Berserker on May 23, 2018.
             Was a Priest of Trog.
             Killed from afar by an orc wizard (12 damage)
             ... with a magic dart
             ... on level 4 of the Dungeon.
             The game lasted 00:04:32 (3297 turns).

Fang the Chopper (Gargoyle Berserker)               Turns: 3297, Time: 00:04:32

Health: -2/58      AC:  6    Str: 28    XL:     6   Next: 47%
Magic:  6/6        EV: 13    Int:  7    God:    Trog [***...]
Gold:   159        SH:  0    Dex: 15    Spells: 5/5 levels left

rFire    . . .     SeeInvis .   a - +0 hand axe
rCold    . . .     Gourm    .   (no shield)
rNeg     + . .     Faith    .   b - +0 animal skin
rPois    ∞         Spirit   .   (no helmet)
rElec    +         Reflect  .   (no cloak)
rCorr    .         Harm     +   (no gloves)
MR       .....                  (no boots)
Stlth    ..........             w - amulet of harm
HPRegen  0.19/turn              p - +6 ring of dexterity
MPRegen  0.10/turn              (no ring)

@: berserking, very quick
A: negative energy resistance 1, electricity resistance, unbreathing,
petrification resistance, rot immunity, AC +4
a: Berserk, Trog's Hand, Burn Spellbooks, Renounce Religion


You were on level 4 of the Dungeon.
You worshipped Trog.
Trog was most pleased with you.
You were hungry.

You visited 1 branch of the dungeon, and saw 4 of its levels.

You collected 159 gold pieces.

Inventory:

Hand Weapons
 a - a +0 hand axe (weapon)
Armour
 b - a +0 animal skin (worn)
Jewellery
 p - a +6 ring of dexterity (left hand)
 w - an amulet of harm (around neck)
Scrolls
 e - a scroll of enchant armour {unknown}
 g - 2 scrolls of teleportation {unknown}
 j - a scroll of amnesia {unknown}
 m - a scroll of immolation {unknown}
 n - a scroll of blinking {unknown}
 o - 2 scrolls of remove curse {unknown}
 s - a scroll of random uselessness {unknown}
 t - 3 scrolls of identify {unknown}
 u - a scroll of magic mapping {unknown}
 v - a scroll of noise {unknown}
 x - a scroll of enchant weapon {unknown}
Potions
 d - 2 potions of curing {unknown}
 f - 3 potions of brilliance {unknown}
 h - a potion of degeneration {unknown}
 i - a potion of haste {unknown}
 k - a potion of mutation {unknown}
 l - a potion of berserk rage {unknown}
 q - a potion of resistance {unknown}
 r - a potion of flight {unknown}
 z - a potion of ambrosia {unknown}
 A - a potion of invisibility {unknown}
Comestibles
 c - 6 rations


   Skills:
 + Level 4.4 Fighting
 + Level 5.0 Axes
 + Level 2.2 Armour
 + Level 2.5 Dodging
 + Level 2.0 Stealth


You had 5 spell levels left.
You didn't know any spells.

Dungeon Overview and Level Annotations

Branches:
Dungeon (4/15)
 Temple: D:4-7

Altars:
Cheibriados
Makhleb


Innate Abilities, Weirdness & Mutations

You are resistant to torment.
Your stone body is resilient. (AC +4)
You are immune to poison.
You resist negative energy. (rN+)
You are resistant to electric shocks. (rElec)
You can survive without breathing.
You are immune to petrification.
You are immune to rotting.


Message History

Something hits you but does no damage.
Unknown command.
You closely miss the hound.
The hound is lightly wounded.
You completely miss something. You slash the howler monkey!
You feel the power of Trog in you as your rage grows.
You kill the howler monkey!
Trog accepts your kill. The hound bites you.
* * * LOW HITPOINT WARNING * * *
You slash the hound!
You kill the hound!
Trog accepts your kill.
Your Axes skill increases to level 5!
Your Stealth skill increases to level 2!
You miss something.
You hear some strange, mumbled words.
A magic dart appears from out of thin air!
The magic dart hits you!
You die...

..# #.# #.#
##.#### #####
##.<...##.....
##.............
............)....
...#.........)....
.. #...)..@†......
. #......{†......
#..............
#..........(...
#..............
...><....#.....
.........######
.........#


There were no monsters in sight!

Vanquished Creatures
  A howler monkey (D:4)
  3 hounds
  An orc wizard (D:2)
  4 adders
  2 oozes
  3 worms
  2 dart slugs
  12 orcs
  A ball python (D:2)
  9 bats
  2 giant cockroaches (D:3)
  5 hobgoblins
  15 jackals
  8 kobolds
  A quokka (D:3)
  7 frilled lizards
  9 goblins
  11 rats
96 creatures vanquished.

Notes
Turn   | Place    | Note
-------+----------+-------------------------------------------
     0 | D:1      | Fang the Gargoyle Berserker began the quest for the Orb.
     0 | D:1      | Reached XP level 1. HP: 14/14 MP: 1/1
    32 | D:1      | Reached XP level 2. HP: 14/19 MP: 2/2
   101 | D:1      | Reached skill level 3 in Axes
   335 | D:1      | Reached XP level 3. HP: 20/24 MP: 3/3
   568 | D:2      | Reached ** piety under Trog
   738 | D:2      | Reached XP level 4. HP: 22/29 MP: 4/4
   760 | D:2      | Reached skill level 4 in Axes
  1591 | D:2      | Reached XP level 5. HP: 22/33 MP: 5/5
  1594 | D:2      | Reached skill level 1 in Stealth
  2282 | D:3      | Found a snail-covered altar of Cheibriados.
  2994 | D:3      | Reached *** piety under Trog
  3154 | D:3      | Found a burning altar of Makhleb.
  3286 | D:4      | Reached XP level 6. HP: 33/39 MP: 6/6
  3297 | D:4      | Reached skill level 5 in Axes
  3297 | D:4      | Killed from afar by an orc wizard

Skill      XL: |  1  2  3  4  5  6 |
---------------+-------------------+-----
Axes           | 3 4 5 |  5.0
Fighting       | 4 |  4.4
Dodging        | 2 |  2.5
Stealth        | 1 2 |  2.0
Armour         | |  2.2

Action                   |  1- 3 |  4- 6 || total
-------------------------+-------+-------++-------
Melee: Hand axe          |   101 |   207 ||   308
Invok: Berserk           |       |     4 ||     4
 Stab: Distracted        |       |     1 ||     1
       Sleeping          |       |     3 ||     3
  Eat: Chunk             |       |    11 ||    11
Armor: Animal skin       |    36 |    61 ||    97
Dodge: Dodged            |    73 |   171 ||   244
